 Dungeon Crawl Stone Soup version 0.21.1-1-g345015f (webtiles) character file.

1583 manyhoops the Covered (level 8, -1/64 HPs)
             Began as a Gnoll Wanderer on Mar 22, 2018.
             Slain by an orc wizard
             ... wielding a +1 dagger of venom
              (2 damage)
             ... on level 5 of the Dungeon.
             The game lasted 00:10:08 (5401 turns).

manyhoops the Covered (Gnoll Wanderer)              Turns: 5401, Time: 00:10:09

Health: -1/64      AC:  8    Str: 15    XL:     8   Next: 92%
Magic:  13/13      EV: 18    Int: 16    God:
Gold:   186        SH:  0    Dex: 15    Spells: 12/14 levels left

rFire    . . .     SeeInvis .   o - +3 war axe
rCold    + . .     Gourm    .   (no shield)
rNeg     . . .     Faith    .   s - +0 ring mail
rPois    .         Spirit   .   m - +0 helmet
rElec    +         Reflect  .   e - +1 cloak of Starlight {rElec rC+ EV+4 Stlth--}
rCorr    .         Harm     .   h - +1 pair of gloves
MR       .....                  (no boots)
Stlth    ..........             (no amulet)
HPRegen  0.20/turn              (no ring)
MPRegen  0.13/turn              (no ring)

@: lethally poisoned (-1 -> -50), corroded
A: distributed training, fangs 1, hooves 1, mutation resistance 1, strong nose
a: no special abilities


You were on level 5 of the Dungeon.
You were not hungry.

You visited 1 branch of the dungeon, and saw 5 of its levels.

You collected 186 gold pieces.

Inventory:

Hand Weapons
 o - a +3 war axe (weapon)
 t - a +0 broad axe
 u - a -2 blowgun
Missiles
 i - 48 sling bullets
Armour
 b - a +2 pair of gloves
 e - the +1 cloak of Starlight (worn) {rElec rC+ EV+4 Stlth--}
   (You found it on level 4 of the Dungeon)

   It affects your evasion (+4).
   It protects you from cold.
   It insulates you from electricity.
   It makes you much less stealthy.
 h - a +1 pair of gloves (worn)
 m - a +0 helmet (worn)
 s - a +0 ring mail (worn)
Scrolls
 a - a scroll of immolation
 g - a scroll of enchant armour
 l - 2 scrolls of teleportation
 n - a scroll of enchant weapon
Potions
 c - a potion of brilliance {unknown}
Books
 d - Jessica's Disquisition on Orientation
   (You found it on level 3 of the Dungeon)

   Spells                             Type                      Level
   a - Shroud of Golubria             Charms/Translocation         2
Comestibles
 f - 4 rations


   Skills:
 + Level 5.9 Fighting
 + Level 4.5 Short Blades
 + Level 3.6 Long Blades
 + Level 3.6 Axes
 + Level 3.6 Maces & Flails
 + Level 3.6 Polearms
 + Level 3.6 Staves
 + Level 3.6 Slings
 + Level 3.6 Bows
 + Level 3.6 Crossbows
 + Level 4.5 Throwing
 + Level 7.5 Armour
 + Level 5.9 Dodging
 + Level 3.6 Stealth
 + Level 4.5 Shields
 + Level 3.6 Unarmed Combat
 + Level 3.6 Spellcasting
 + Level 3.0 Conjurations
 + Level 3.0 Hexes
 + Level 3.0 Charms
 + Level 3.0 Summonings
 + Level 3.0 Necromancy
 + Level 3.0 Translocations
 + Level 3.0 Transmutations
 + Level 3.0 Fire Magic
 + Level 3.0 Ice Magic
 + Level 3.0 Air Magic
 + Level 3.0 Earth Magic
 + Level 3.0 Poison Magic
 + Level 4.0 Invocations
 + Level 3.6 Evocations


You had 12 spell levels left.
You knew the following spells:

 Your Spells              Type           Power        Failure   Level  Hunger
a - Shroud of Golubria    Chrm/Tloc      ##........   14%         2    ##.....


Dungeon Overview and Level Annotations

Branches:
Dungeon (5/15)
 Temple: D:4-7

Altars:
Ashenzari
Fedhas
Nemelex Xobeh
Xom

Portals:
Ossuary: D:5


Innate Abilities, Weirdness & Mutations

Your experience applies equally to all skills.
You have very sharp teeth.
Your uncanny sense of smell can sniff out nearby items.
You have large cloven feet.
You are somewhat resistant to further mutation.


Message History

You barely miss the hound. You kick the hound.
The hound is moderately wounded.
You hit the orc wizard but do no damage.
* * * LOW HITPOINT WARNING * * *
You feel very sick. The hound closely misses you.
The orc wizard hits you with a dagger of venom.
* * * LOW HITPOINT WARNING * * *
You are more poisoned.
The hound bites you.
* * * LOW HITPOINT WARNING * * *
You hit the orc wizard.
You kick the orc wizard, but do no damage.
The orc wizard is severely wounded.
You hit the hound but do no damage.
* * * LOW HITPOINT WARNING * * *
You feel very sick. The hound completely misses you.
The orc wizard hits you with a dagger of venom.
You die...

#........ #........
#........
####........ ##
..#......... ...#.###
#.#......... #......#
#.#.........
#..#.#.###.#o@h#.....
...........†.......
#...###.#†#.#....#
#...###....$# #...
#......##.....# ..
#######..##.##.#.###
. #........#...#.#.#
#.#####.##.###.###
..# #J.#. #..


You could see a hound and an orc wizard.

Vanquished Creatures
  A two-headed ogre (D:5)
  A sky beast (D:4)
  3 ogres
  4 wights (D:4)
  A jelly (D:5)
  Crazy Yiuf (D:3)
  3 hounds (D:4)
  Jessica (D:3)
  3 orc wizards
  A worker ant (D:5)
  6 adders
  A gnoll (D:1)
  2 oozes
  An adder skeleton (D:4)
  2 worms
  2 dart slugs
  5 leopard geckos
  13 orcs
  9 bats
  9 giant cockroaches
  5 goblins
  8 hobgoblins
  7 jackals
  3 quokkas (D:3)
  5 frilled lizards
  7 kobolds
  A quokka skeleton (D:5)
  7 rats
112 creatures vanquished.

Notes
Turn   | Place    | Note
-------+----------+-------------------------------------------
     0 | D:1      | manyhoops the Gnoll Wanderer began the quest for the Orb.
     0 | D:1      | manyhoops set off with: a +0 leather armour, 4 throwing nets, 2 potions of lignification, a +0 dagger, a ration
     0 | D:1      | Reached XP level 1. HP: 20/20 MP: 1/1
   144 | D:1      | Reached XP level 2. HP: 22/26 MP: 2/2
   605 | D:1      | Reached XP level 3. HP: 18/31 MP: 3/3
  1144 | D:2      | Reached skill level 1 in Invocations
  1635 | D:2      | Reached skill level 1 in Long Blades
  1635 | D:2      | Reached skill level 1 in Axes
  1635 | D:2      | Reached skill level 1 in Maces & Flails
  1635 | D:2      | Reached skill level 1 in Polearms
  1635 | D:2      | Reached skill level 1 in Staves
  1635 | D:2      | Reached skill level 1 in Slings
  1635 | D:2      | Reached skill level 1 in Bows
  1635 | D:2      | Reached skill level 1 in Crossbows
  1635 | D:2      | Reached skill level 1 in Stealth
  1635 | D:2      | Reached skill level 1 in Unarmed Combat
  1635 | D:2      | Reached skill level 1 in Spellcasting
  1635 | D:2      | Reached skill level 1 in Evocations
  1635 | D:2      | Reached XP level 4. HP: 38/38 MP: 5/5
  1968 | D:2      | Noticed an ogre
  1982 | D:2      | Killed an ogre
  1982 | D:2      | Reached skill level 1 in Conjurations
  1982 | D:2      | Reached skill level 1 in Hexes
  1982 | D:2      | Reached skill level 1 in Charms
  1982 | D:2      | Reached skill level 1 in Summonings
  1982 | D:2      | Reached skill level 1 in Necromancy
  1982 | D:2      | Reached skill level 1 in Translocations
  1982 | D:2      | Reached skill level 1 in Transmutations
  1982 | D:2      | Reached skill level 1 in Fire Magic
  1982 | D:2      | Reached skill level 1 in Ice Magic
  1982 | D:2      | Reached skill level 1 in Air Magic
  1982 | D:2      | Reached skill level 1 in Earth Magic
  1982 | D:2      | Reached skill level 1 in Poison Magic
  1982 | D:2      | Reached XP level 5. HP: 16/43 MP: 5/7
  2220 | D:2      | Found a shattered altar of Ashenzari.
  2905 | D:3      | Reached XP level 6. HP: 37/50 MP: 8/8
  3052 | D:3      | Found a runed door.
  3275 | D:3      | Noticed Jessica
  3300 | D:3      | Killed Jessica
  3305 | D:3      | Identified Jessica's Disquisition on Orientation
  3310 | D:3      | Learned a level 2 spell: Shroud of Golubria
  3394 | D:3      | Reached skill level 5 in Fighting
  3394 | D:3      | Reached skill level 5 in Dodging
  3776 | D:3      | Noticed Crazy Yiuf
  3784 | D:3      | Killed Crazy Yiuf
  3817 | D:4      | Found a sparkling altar of Nemelex Xobeh.
  3879 | D:4      | Gained mutation: You are weak. (Str -2) [potion of mutation]
  3879 | D:4      | Gained mutation: Your spells are a little easier to cast, but a little less powerful. [potion of mutation]
  3879 | D:4      | Gained mutation: You are resistant to hostile enchantments. (MR+) [potion of mutation]
  3879 | D:4      | Gained mutation: You can translocate small distances at will. [potion of mutation]
  3892 | D:4      | Reached XP level 7. HP: 28/56 MP: 10/10
  3927 | D:3      | Reached skill level 7 in Armour
  4102 | D:3      | Lost mutation: Your spells are a little easier to cast, but a little less powerful. [potion of mutation]
  4102 | D:3      | Lost mutation: You are weak. (Str -2) [potion of mutation]
  4102 | D:3      | Lost mutation: You are resistant to hostile enchantments. (MR+) [potion of mutation]
  4102 | D:3      | Lost mutation: You can translocate small distances at will. [potion of mutation]
  4102 | D:3      | Gained mutation: Your spells are a little harder to cast, but a little more powerful. [potion of mutation]
  4102 | D:3      | Gained mutation: Armour fits poorly on your strangely shaped body. [potion of mutation]
  4102 | D:3      | Lost mutation: Your spells are a little harder to cast, but a little more powerful. [potion of mutation]
  4102 | D:3      | Gained mutation: You have large cloven feet. [potion of mutation]
  4540 | D:4      | Lost mutation: You have large cloven feet. [potion of mutation]
  4540 | D:4      | Lost mutation: Armour fits poorly on your strangely shaped body. [potion of mutation]
  4540 | D:4      | Gained mutation: You tend to lose your temper in combat. [potion of mutation]
  4540 | D:4      | Gained mutation: You have large cloven feet. [potion of mutation]
  4540 | D:4      | Lost mutation: You tend to lose your temper in combat. [potion of mutation]
  4540 | D:4      | Gained mutation: You are somewhat resistant to further mutation. [potion of mutation]
  4606 | D:4      | Found the +1 cloak of Starlight {rElec rC+ EV+4 Stlth--}
  4820 | D:4      | Found a shimmering altar of Xom.
  4820 | D:4      | Found a blossoming altar of Fedhas.
  5236 | D:5      | Entered Level 5 of the Dungeon
  5244 | D:5      | Noticed a two-headed ogre
  5264 | D:5      | Reached XP level 8. HP: 37/63 MP: 12/12
  5273 | D:5      | Killed a two-headed ogre
  5290 | D:5      | Found a sand-covered staircase.
  5401 | D:5      | HP: 1/64 [poisoned by an orc wizard]
  5401 | D:5      | Slain by an orc wizard

Skill      XL: |  1  2  3  4  5  6  7  8 |
---------------+-------------------------+-----
Invocations    | 1 2 3 4 |  4.0
Long Blades    | 1 2 3 |  3.6
Axes           | 1 2 3 |  3.6
Maces & Flails | 1 2 3 |  3.6
Polearms       | 1 2 3 |  3.6
Staves         | 1 2 3 |  3.6
Slings         | 1 2 3 |  3.6
Bows           | 1 2 3 |  3.6
Crossbows      | 1 2 3 |  3.6
Stealth        | 1 2 3 |  3.6
Unarmed Combat | 1 2 3 |  3.6
Spellcasting   | 1 2 3 |  3.6
Evocations     | 1 2 3 |  3.6
Conjurations   | 1 2 3 |  3.0
Hexes          | 1 2 3 |  3.0
Charms         | 1 2 3 |  3.0
Summonings     | 1 2 3 |  3.0
Necromancy     | 1 2 3 |  3.0
Translocations | 1 2 3 |  3.0
Transmutations | 1 2 3 |  3.0
Fire Magic     | 1 2 3 |  3.0
Ice Magic      | 1 2 3 |  3.0
Air Magic      | 1 2 3 |  3.0
Earth Magic    | 1 2 3 |  3.0
Poison Magic   | 1 2 3 |  3.0
Short Blades   | 3 4 |  4.5
Throwing       | 3 4 |  4.5
Shields        | 3 4 |  4.5
Fighting       | 5 |  5.9
Dodging        | 5 |  5.9
Armour         | 7 |  7.5

Action                   |  1- 3 |  4- 6 |  7- 9 || total
-------------------------+-------+-------+-------++-------
Melee: Dagger            |    36 |       |       ||    36
       Bite              |    10 |    37 |    17 ||    64
       Short sword       |    91 |   353 |   110 ||   554
       Punch             |       |     2 |     4 ||     6
       Kick              |       |       |    45 ||    45
       War axe           |       |       |    15 ||    15
       Blowgun           |       |       |     3 ||     3
 Fire: Blowgun           |       |       |     8 ||     8
Throw: Throwing net      |       |     2 |     3 ||     5
       Javelin           |       |       |    17 ||    17
 Cast: Shroud of Golubri |       |       |     2 ||     2
  Use: Potion            |     1 |     4 |     4 ||     9
       Scroll            |       |     5 |     4 ||     9
 Stab: Sleeping          |     1 |     2 |     1 ||     4
       Held in net/web   |       |     2 |       ||     2
  Eat: Chunk             |     2 |     8 |     3 ||    13
       Ration            |       |       |     1 ||     1
Armor: Leather armour    |    45 |    12 |       ||    57
       Skin              |     2 |    65 |       ||    67
       Ring mail         |       |   145 |    65 ||   210
Dodge: Dodged            |   127 |   243 |   183 ||   553
